cohdb
Replays
Latest Replays
All Replays
Popular Replays
Top Player Replays
Match Explorer
How It Works
Community
CoH3 Stats
Reddit
Sign in to upload your games and track your stats! →
Sign in with Steam
Match 20655681
Unlisted
Match 20655681
Overview
Messages
Build Orders
End
Pioneer Squad
Construct Infanterie Kompanie
MG 42 Machine Gun Team
Grenadier Squad
Construct Panzergrenadier Kompanie
Panzergrenadier Squad
Panzergrenadier Officer Quarters
Pak 40 Anti-tank Gun Team
Panzergrenadier Squad
Medical Station
Selects Mechanized Battlegroup
Selects Raid Package
Selects 8 Rad Armored Car
Selects UNKNOWN (2160084)
Selects Spotting Scopes
Selects Stoßtruppen Assault Package
Construct Panzer Kompanie
Panther Heavy Tank
Selects Mechanized Assault
Panzer Officer Quarters
Mechanized Assault
Panther Heavy Tank
Mechanized Assault
Stoßtruppen Squad
Cool Whhip
Joo Shiyoung
DirtyDan
asdqwe
0
0
Comments
sign in to comment!
No comments posted yet!